Cogmind - Beta 17.1 @@@ ROGUE MODE // 2026.09.14 @ 02:26:17 Player: Somberlain Result: Destroyed by as-31662 with Assembled Blade Performance ------------- Evolutions (0) 0 Regions Visited (2) 400 Robots Destroyed (8) 40 Value Destroyed (201) 201 Prototype IDs (1) 20 Alien Tech Used (0) 0 Bonus (24) 24 TOTAL SCORE: 685 Bonus ------- Follower Combat Kills 39 Friendly Fire -15 Cogmind --------- Core Integrity 0/250 Matter 300/300 Energy 170/250 System Corruption 2% Temperature Warning (370) Movement Core (250) Ox4 Location -10/Mines Parts ------- > --- POWER (1) -------- Ion Engine > --- PROPULSION (2) --- (None) > --- UTILITY (2) ------ Medium Storage Unit > --- WEAPON (2) ------- (None) > --- INVENTORY (10) --- Improved Targeting Computer Improved Targeting Computer Improved EM Shotgun Light Assault Rifle Peak State ------------ > --- POWER ------------ Ion Engine > --- PROPULSION ------- Aluminum Leg Aluminum Leg > --- UTILITY ---------- Medium Storage Unit Improved Targeting Computer > --- WEAPON ----------- Improved EM Shotgun Improved EM Shotgun > --- INVENTORY -------- Improved EM Shotgun [Rating: 12] Favorites ----------- Power Ion Engine Engine Ion Engine Propulsion Aluminum Leg Leg Aluminum Leg Utility Medium Storage Unit Storage Medium Storage Unit Processor Improved Targeting Computer Weapon Improved EM Shotgun Energy Gun Improved EM Shotgun Ballistic Gun Assault Rifle Build | -11 -10 -10 ------- Run | Yrd Mat Min Slots Evolved . | . . . Power . | . . . Propulsion . | . . . Utility . | . . . Weapon . | . . . Parts Attached 10 | 6 4 . Power 1 | 1 . . Engine 1 | 1 . . Core . | . . . Reactor . | . . . Propulsion 2 | 2 . . Treads . | . . . Leg 2 | 2 . . Wheel . | . . . Hover . | . . . Flight . | . . . Utility 3 | 1 2 . Device . | . . . Storage 2 | 1 1 . Processor 1 | . 1 . Hackware . | . . . Protection . | . . . Artifact . | . . . Weapon 4 | 2 2 . Energy Gun 3 | 1 2 . Energy Cannon . | . . . Ballistic Gun 1 | 1 . . Ballistic Cannon . | . . . Launcher . | . . . Special Weapon . | . . . Impact Weapon . | . . . Slashing Weapon . | . . . Piercing Weapon . | . . . Special Melee Weapon . | . . . Unidentified Prototypes 1 | . 1 . Parts Lost 5 | . . 5 Power . | . . . Propulsion 2 | . . 2 Utility 1 | . . 1 Weapon 2 | . . 2 Highest Loss Streak 5 | . . 5 To Critical Strikes . | . . . Average Backups 1 | . 1 3 Power . | . . . Propulsion . | . . . Utility . | . . 2 Weapon . | . . 1 Tool/Special . | . . . Unused Backups 5 | . 1 4 Power . | . . . Propulsion . | . . . Utility 2 | . . 2 Weapon 3 | . 1 2 Tool/Special . | . . . Average Slot Usage (%) 91 | . 90 92 Engine 14 | . 14 14 Leg 26 | . 28 23 Storage 14 | . 14 14 Processor 7 | . 5 13 Energy Gun 21 | . 19 26 Ballistic Gun 5 | . 7 . Peak Build Rating 12 | 6 12 12 Average Rating 8 | 4 8 11 On Entrance 6 | . 6 12 Avg Prop Armor Cover (%) . | . . . Naked Turns . | . . . Heaviest Build 24 | 14 24 21 Greatest Support 20 | 20 20 20 Greatest Overweight (x) 1 | . 1 1 Average Overweight (x) . | . . 1 Largest Inventory Capacity 10 | 8 10 10 Average Capacity 9 | 6 9 10 Most Carried 4 | . 3 4 Average Carried 1 | . 1 3 Final Capacity 10 | 8 10 10 Final Carried 4 | . 3 4 Class Distribution -------------------- 100% | Mutant Dominant Class ---------------- Mutant | -10/Materials Mutant | -10/Mines Resources | -11 -10 -10 ----------- Run | Yrd Mat Min Matter Collected 348 | 228 120 . Remotely . | . . . Salvage Created 311 | . 216 95 Parts 12 | . 9 3 Haulers Intercepted . | . . . Recyclers Shooed 1 | . 1 . Parts Field Recycled . | . . . Retrieved Matter . | . . . Parts Self-Destructed . | . . . Prevented . | . . . Parts Restored . | . . . Kills | -11 -10 -10 ------- Run | Yrd Mat Min Combat Hostiles Destroyed 10 | . 6 4 Guns 10 | . 6 4 Classes Destroyed 5 | . 3 2 Watcher 1 | . 1 . Swarmer 3 | . 3 . Grunt 3 | . 3 . Demolisher 1 | . . 1 Assembled 3 | . . 3 Best Kill Streak 5 | . 5 4 Combat Bots Only 5 | . 5 4 Max Kills in Single Turn 1 | . 1 1 Gunslinging . | . . . Exploded . | . . . Melee . | . . . Uniques/NPCs Destroyed . | . . . Combat | -11 -10 -10 -------- Run | Yrd Mat Min Hostile Shots Fired 54 | . 26 28 Missed 7 | . 5 2 Hits 47 | . 21 26 Melee 10 | . . 10 Projectile 37 | . 21 16 AOE 2 | . . 2 Damage Taken 744 | . 199 545 Core 251 | . 23 228 Absorbed by Shields . | . . . Core Remaining (%) 100 | 100 . . Volleys Fired 28 | . 18 10 Largest 2 | . 2 2 Hottest 90 | . 90 90 Shots Fired 56 | . 36 20 Gun 56 | . 36 20 Cannon . | . . . Launcher . | . . . Special . | . . . Kinetic 16 | . 16 . Thermal 16 | . 16 . Explosive . | . . . Electromagnetic 24 | . 4 20 Robot Hit Streak 7 | . 7 4 Robot Miss Streak 3 | . 3 3 Penetration Max . | . . . Secondary Targets 1 | . . 1 Max Gunslinging Chain 1 | . . 1 Shots Hit Robots 37 | . 22 15 Core Hits 26 | . 11 15 Critical Kills . | . . . Critical Parts Destroyed . | . . . Critical Strikes 1 | . 1 . Burn 1 | . 1 . Melee Attacks . | . . . Impact . | . . . Slashing . | . . . Piercing . | . . . Sneak Attacks . | . . . Combat Hostiles . | . . . Follow-up Attacks . | . . . Damage Inflicted 612 | . 362 250 Guns 543 | . 293 250 Cannons . | . . . Explosions 69 | . 69 . Melee . | . . . Ramming . | . . . Kinetic 98 | . 98 . Thermal 208 | . 208 . Explosive . | . . . Electromagnetic 306 | . 56 250 Impact . | . . . Slashing . | . . . Piercing . | . . . Highest Corruption 2 | . . 2 Average Corruption 2 | . . 2 Corruption Purged . | . . . Corruption Blocked . | . . . Overload Shots . | . . . Overflow Damage . | . . . Projectiles . | . . . Explosions . | . . . Melee . | . . . Knockbacks . | . . . Impact . | . . . Kinetic . | . . . Secondary . | . . . Self-Inflicted Damage . | . . . Shots . | . . . Rammed . | . . . Targets Rammed . | . . . Kicked . | . . . Crushed . | . . . Highest Temperature 350 | . 168 350 Average Temperature 90 | . 69 133 Received Heat Transfer 186 | . 66 120 Effects 1 | . . 1 Shutdowns 1 | . . 1 Siege Activations . | . . . Martial Activations . | . . . Shielding Activations . | . . . Robots Disrupted 1 | . . 1 Combat Hostiles 1 | . . 1 Robots Corrupted . | . . . Combat Hostiles . | . . . Parts Fried . | . . . Impact Corruptions . | . . . Robots Melted . | . . . Combat Hostiles . | . . . Parts Melted 3 | . 3 . Heat Transferred 581 | . 581 . Parts Sabotaged . | . . . Parts Stolen . | . . . Parts Stripped . | . . . Power Chain Reactions 1 | . 1 . Alert | -11 -10 -10 ------- Run | Yrd Mat Min Maximum Alert Level . | . . . Low Security (%) 100 | 100 100 100 Level 1 . | . . . Level 2 . | . . . Level 3 . | . . . Level 4 . | . . . Level 5 . | . . . High Security . | . . . Max Security . | . . . Peak Influence 99 | . 99 34 Initial 26 | . . 26 Average 34 | . 52 10 Influence Increases 230 | . 176 54 Destroy 0b10 Robot/C 160 | . 120 40 Destroy 0b10 Robot/NC 5 | . 5 . Destroy Leader 32 | . 22 10 Allied During Kill 4 | . . 4 Successful Hack 26 | . 26 . Destroy Structure 3 | . 3 . Influence Decreases 230 | . 107 123 Entered New Map 43 | . . 43 Time Decay 143 | . 107 36 Lost Part 4 | . . 4 Lost Ally 40 | . . 40 Squads Dispatched 1 | . 1 . Investigation 1 | . 1 . Extermination . | . . . Reinforcement . | . . . Assault . | . . . Garrison . | . . . Intercept . | . . . Searches Triggered . | . . . Construction Impeded . | . . . Haulers Reinforced . | . . . Active Scanning Responses . | . . . Cargo Convoy Interrupts . | . . . Stealth | -11 -10 -10 --------- Run | Yrd Mat Min Distress Signals . | . . . Communications Jammed . | . . . Distress Signals . | . . . Times Spotted 18 | . 8 10 Peak Tracking Total 5 | . 5 5 Tactical Retreats . | . . . Traps | -11 -10 -10 ------- Run | Yrd Mat Min Traps Triggered . | . . . Indirectly . | . . . Trap Hack Attempts . | . . . Triggered . | . . . Disarmed . | . . . Reprogrammed . | . . . Reused . | . . . Traps Extracted . | . . . Installed . | . . . Triggered . | . . . Machines | -11 -10 -10 ---------- Run | Yrd Mat Min Machines Disabled . | . . . Max in Single Turn . | . . . Machines Repaired . | . . . Machines Dismantled . | . . . Machines Sabotaged . | . . . Overloaded Fab Kills . | . . . Hacking | -11 -10 -10 --------- Run | Yrd Mat Min Machines Accessed 2 | . 2 . Terminals 2 | . 2 . Fabricators . | . . . Repair Stations . | . . . Recycling Units . | . . . Scanalyzers . | . . . Garrison Access . | . . . Total Hacks 8 | . 8 . Successful 4 | . 4 . Failed 4 | . 4 . Catastrophic . | . . . Database Lockouts . | . . . Manual 10 | . 10 . Terminals 8 | . 8 . Fabricators . | . . . Repair Stations . | . . . Recycling Units . | . . . Scanalyzers . | . . . Garrison Access . | . . . Terminal Hacks 4 | . 4 . Robot Analysis 2 | . 2 . Branch Access Points 1 | . 1 . Registered Components 1 | . 1 . Fabricator Hacks . | . . . Repair Station Hacks . | . . . Recycling Unit Hacks . | . . . Scanalyzer . | . . . Garrison Access Hacks . | . . . Unauthorized Hacks . | . . . Terminals . | . . . Fabricators . | . . . Repair Stations . | . . . Recycling Units . | . . . Scanalyzers . | . . . Garrison Access . | . . . Data Cores Recovered . | . . . Used . | . . . Hacking Detections 2 | . 2 . Full Trace Events 1 | . 1 . Feedback Events . | . . . Feedback Blocked . | . . . Robot Schematics Acquired . | . . . Robots Built . | . . . Authchips . | . . . Time . | . . . Total Robot Build Rating . | . . . Part Schematics Acquired . | . . . Parts Built . | . . . Authchips . | . . . Time . | . . . Total Part Build Rating . | . . . Part Studies Acquired . | . . . Parts Repaired . | . . . Time . | . . . Parts Recycled . | . . . Recycled Matter . | . . . Retrieved Matter . | . . . Retrieved Components . | . . . Parts Scanalyzed . | . . . Part Schematics Acquired . | . . . Parts Damaged . | . . . Bothacking | -11 -10 -10 ------------ Run | Yrd Mat Min Used RIF Installer . | . . . Robots Hacked . | . . . Non-combat . | . . . Combat . | . . . Robot Hacks Applied . | . . . Relay Couplers Released . | . . . Fabnet Peak Effective % . | . . . Robots Rewired . | . . . Allies Hacked . | . . . Hacks Repelled . | . . . Allies | -11 -10 -10 -------- Run | Yrd Mat Min Total Allies 2 | . . 2 Largest Group 2 | . . 2 Highest-Rated Group 42 | . . 42 Highest-Rated Ally 31 | . . 31 Total Orders . | . . . Ally Attacks 7 | . . 7 Total Damage 147 | . . 147 Kills 3 | . . 3 Allies Corrupted . | . . . Allies Melted . | . . . Intel | -11 -10 -10 ------- Run | Yrd Mat Min Active Infowar (turns) . | . . . Robot Analysis Total 2 | . 2 . Derelict Logs Recovered . | . . . Drone Launches . | . . . Drone Recoveries . | . . . Exploration | -11 -10 -10 ------------- Run | Yrd Mat Min Turns Passed 480 | 54 292 134 Spaces Moved 236 | 40 145 51 Core 3 | 3 . . Treads . | . . . Legs 233 | 37 145 51 Wheels . | . . . Hover . | . . . Flight . | . . . Fastest Speed 50 | 50 120 190 Average Speed 152 | 114 150 190 Slowest Speed 190 | 120 190 190 Overloaded Moves . | . . . Propulsion Burnouts . | . . . Robots Hopped . | . . . Potential Cave-ins . | . . . Cave-ins Triggered . | . . . Exploration Rate (%) 14 | 3 31 8 Regions Visited 2 Branch Regions 1 Pre-discovered Areas . | . . . Known Exits Taken 1 | . 1 . Unknown Exits Taken 1 | 1 . . Scrap Searched 1 | . . 1 Spaces Dug . | . . . Terrain Destroyed 2 | . 2 . Melee . | . . . Projectile . | . . . AOE 2 | . 2 . Terrain Rammed . | . . . Walls Destroyed . | . . . Machines Disabled . | . . . Actions | -11 -10 -10 --------- Run | Yrd Mat Min Total 296 | 45 183 68 Wait 15 | . 9 6 Move 234 | 39 144 51 Hop . | . . . Pick Up 5 | . 4 1 Fast Attach 10 | 6 4 . Attach . | . . . Detach . | . . . Swap . | . . . Drop 4 | . 4 . Fire 28 | . 18 10 Melee . | . . . Ram . | . . . Kick . | . . . Crush . | . . . Escape Stasis . | . . . Rewire . | . . . Trap . | . . . Miscellaneous . | . . . Route ------- -11/Scrapyard -10/Materials (discovered 2 exits: *Min x2) -10/Mines History --------- Turn | Location | Event 20 | -11/Scrapyard | Discovered new exit (range 16) 55 | -11/Scrapyard | Entered Materials 114 | -10/Materials | Identified exit to Mines 314 | -10/Materials | Build established: Mutant 347 | -10/Materials | Entered Mines 348 | -10/Mines | Assembled infested the area 472 | -10/Mines | Core integrity fell below 50% 480 | -10/Mines | Core integrity fell below 20% 481 | -10/Mines | Destroyed by as-31662 with Assembled Blade Last Messages --------------- 00372_ Acquired Lgt. Assault Rifle. 00447_ Aluminum Leg destroyed. 00447_ D-53 Grenadier destroyed. 00453_ UX-J94(z) destroyed. 00453_ D-53 Grenadier shuts down. 00454_ as-09874 sneak attacks. 00455_ D-53 Grenadier destroyed. 00456_ The unstable cave ceiling collapses. 00457_ as-65149 destroyed. 00460_ as-09874 destroyed. 00462_ O1-O7D(g) destroyed. 00469_ as-02246 destroyed. 00475_ Aluminum Leg destroyed. 00475_ Imp. Targeting Computer destroyed. 00475_ System corrupted by crushing effect (+2). 00475_ as-18948 destroyed. 00475_ Switching to secondary target: as-05634. 00479_ Imp. EM Shotgun destroyed. 00481_ Power failure, Ion Engine shutdown. 00481_ The unstable cave ceiling collapses. Map ----- +----------------------------------------------------+ | ?????????????????????????????????????????????????? | | ?????????????????????????????????????????????????? | | ?????????????????????????????????????????????????? | | ?????????????????????????????????????????????????? | | ?????????????????????????????????????????????????? | | ?????????????????????????????????????????????????? | | ????????????????????? ??????????????????????????? | | ????????????????????? ??????????????????????????? | | ????????????????????? ??????????????????????????? | | ????????????????????? ??????????????????????????? | | ????????????????????? #?????????????????????????? | | ????????????????????? ?????????????????????????? | | ???????????????????? ?????????????????????????? | | ?????????????????# ? #????????????????????????? | | ?????????????????# ? #????????????????????????? | | ??????????????????% ? % ????????????????????????? | | ??????????????????? ????????????????????????? | | ??????????????????? ? ????????????????????????? | | ???????????????????? ]#????????????????????????? | | ????????????????????? #%#????????????????????????? | | ?????????????????????# %####?????????????????????? | | ??????????????????????*%= ###???????????????????? | | ??????????????????????#!%! # #???????????????????? | | ??????????????????????#*!% #???????????????????? | | ??????????????????????# a% #???????????????????? | | ??????????????????????# #@ #????????????????????? | | ????????????????? aaa #????????????????????? | | ???????????? # ##????????????????????? | | ??????????? ?## ##?????????????????????? | | ??????????? ### ???# #??????????????????????? | | ???????????? ????#?????# #??????????????????????? | | ????????????????????????# #??????????????????????? | | ??????????????###??###### #??????????????????????? | | ?????????????## ##?# %!#??????????????????????? | | ?????????????# ### ####%#??????????????????????? | | ?????????????# ## ####=#??????????????????????? | | ?????????????# #??????????????????????? | | ?????????????# ####??????????????????????? | | ?????????????## #?????????????????????????? | | ??????????????##########?????????????????????????? | | ?????????????????????????????????????????????????? | | ?????????????????????????????????????????????????? | | | | | | | | | | | | | | | | | +----------------------------------------------------+ Best States ------------- Heat Dissipation 25 Energy Generation 10 Energy Capacity 250 Matter Stores 300 Matter Capacity 300 Sight Range 16 Terrain Scan Density 10 Evasion (%) 55 Targeting Accuracy 6 Item Schematics ----------------- None Robot Schematics ------------------ None Fabricated ------------ Nothing Repaired ---------- Nothing Studied --------- None Alien Tech Used ----------------- None Achievements -------------- None Challenges ------------ None Game ------ Seed IntegratedHardlightDrillbomb Manual? 0 Play Time 00:04:48 Cumulative 110.1 hours Start 2026.09.14 @ 02:22:41 End 2026.09.14 @ 02:26:17 Sessions 1 Manual Loads 0 Difficulty Rogue Special Mode None Game No. 128 Rogue 128 Adventurer 0 Explorer 0 Win Type - Total 0 Types 0/0/0/0/0/0/0/0/0/0 Lore% 45 Gallery% 52 Achievement% 42 Wizard Run 0 Options --------- Layout 1 ASCII 0 Keyboard 0 Movement Mouse Keybinds 0 Fullscreen 2 Font 24/Smallcaps Map View 50x35 Zoom Use 0% Tactical HUD 1 Map Filters NONE Filters NONE Steam 1 RUN: 5e28787b-377a-487f-86d8-f401734bc553